 Dungeon Crawl Stone Soup version 0.30-a0-782-ge64f9170bb (webtiles) character file.

Game seed: 18367459887779428284

376 Mgcat the Covered (level 6, -1/55 HPs)
             Began as an Armataur Fighter on Feb 22, 2023.
             Slain by Pikel
             ... wielding a +1 whip of freezing
              (4 damage)
             ... on level 4 of the Dungeon.
             The game lasted 00:05:30 (2776 turns).

Mgcat the Covered (Armataur Fighter)                Turns: 2776, Time: 00:05:30

Health: -1/55      AC: 12    Str: 23    XL:     6   Next: 44%
Magic:  6/6        EV:  5    Int:  8    God:
Gold:   99         SH:  4    Dex: 10    Spells: 5/5 levels left

rFire   . . .      SeeInvis .    a - +0 war axe
rCold   . . .      Faith    .    c - +0 buckler
rNeg    . . .      Spirit   .    b - +0 scale mail
rPois   .          Reflect  .    (no helmet)
rElec   .          Harm     .    (no cloak)
rCorr   .          Roll     +    (no gloves)
Will    .....                    m - +0 barding Stlth
                                 (no amulet)
HPRegen 0.29/turn                (no ring)
MPRegen 0.10/turn                (no ring)

@: mighty
A: large, rugged brown scales 3, deformed body, armoured tail, roll, long
tongue, awkward tongue
a: no special abilities


You were on level 4 of the Dungeon.
You visited 1 branch of the dungeon, and saw 4 of its levels.

You collected 99 gold pieces.

Inventory:

Hand Weapons
 a - a +0 war axe (weapon)
Armour
 b - a +0 scale mail (worn)
 c - a +0 buckler (worn)
 m - a +0 barding (worn)
   (You found it on level 2 of the Dungeon)
Magical Staves
 l - a staff of earth
   (You found it on level 1 of the Dungeon)
Jewellery
 t - an amulet of reflection
   (You took it off a gnoll on level 3 of the Dungeon)
Wands
 r - a wand of flame (43)
   (You took it off Natasha on level 2 of the Dungeon)
Scrolls
 e - a scroll of immolation {unknown}
 g - a scroll of magic mapping {unknown}
 i - a scroll of enchant armour {unknown}
 j - 4 scrolls of identify {unknown}
 k - a scroll of fear {unknown}
 n - 2 scrolls of teleportation {unknown}
 q - 3 scrolls of brand weapon {unknown}
 u - a scroll of fog {unknown}
 v - a scroll of torment {unknown}
Potions
 d - a potion of might
 f - 2 potions of attraction {unknown}
 h - 3 potions of heal wounds {unknown}
 o - 2 potions of ambrosia {unknown}
 p - a potion of lignification {unknown}
 s - a potion of curing {unknown}
 w - a potion of flight {unknown}
 x - a potion of haste


   Skills:
 + Level 3.8 Fighting
 * Level 3.8 Axes
 + Level 5.0 Armour
 + Level 4.5 Shields


You had 5 spell levels left.
You didn't know any spells.
Your spell library contained the following spells:

 Spells                   Type           Power      Damage    Failure   Level
 Shock                    Conj/Air       0%         1d3       77%         1
 Summon Small Mammal      Summ           0%         N/A       77%         1
 Call Canine Familiar     Summ           0%         N/A       98%         3
 Summon Guardian Golem    Hex/Summ       0%         N/A       98%         3
 Swiftness                Air            0%         N/A       98%         3
 Airstrike                Air            0%         2d(0-16)  100%        4


Dungeon Overview and Level Annotations

Branches:
Dungeon (4/15)
 Temple: D:4-7

Altars:

Annotations:
D:4 Dowan, Duvessa, Pikel


Innate Abilities, Weirdness & Mutations

You are completely covered in rugged brown scales. (AC +3, +7% HP)
Armour fits poorly on your strangely shaped body.
You have a long armoured tail.
You roll when moving toward enemies. (Rampage)
Your long tongue fully drains potion bottles. (2x potion effects)
Your tongue gives you trouble enunciating. (1.5x scroll delay)


Message History

Pikel is wielding a +1 whip of freezing and wearing a +2 robe of fire resistance.
Pikel shouts!
The lemure shouts! x2; You hear a shout!
A lemure comes into view. x2
The lemure shouts!
Spoiler Alert: Pikel can hit for high damage in melee!
Unknown command.
Unknown command.
Unknown command.
Unknown command.
You hear a bark!
A hound comes into view.
Spoiler Alert: Pikel can hit for high damage in melee!
You closely miss the lemure.
You tail-slap the lemure, but do no damage.
The lemure hits you.
You take 6 damage, and have 49/55 hp.
You slurp down every last drop of the 2 potions of might!
You feel very mighty all of a sudden.
You slice the lemure!!
The lemure is almost dead.
The lemure hits you. You block the lemure's attack.
Spoiler Alert: Pikel can hit for high damage in melee!
You barely miss the lemure.
The lemure is almost dead.
You barely miss the lemure. You slash the lemure!
The lemure hits you but does no damage. The lemure hits you.
The lemure hits you but does no damage.
You take 1 damage, and have 48/55 hp.
Spoiler Alert: Pikel can hit for high damage in melee!
You barely miss the lemure. You tail-slap the lemure.
You kill the lemure!
That felt strangely unrewarding.
You barely miss the lemure. You slash the lemure! The lemure hits you. x2
You take 7 damage, and have 41/55 hp.
You are too injured to fight recklessly!
Spoiler Alert: Pikel can hit for high damage in melee!
You are too injured to fight recklessly!
You slash the lemure!
The lemure is severely wounded.
You hit the lemure. The lemure closely misses you.
You closely miss Pikel. You closely miss the lemure. You hit the lemure.
The lemure hits you. The lemure hits you but does no damage.
Pikel hits you with a +1 whip of freezing.
Pikel freezes you. The lemure hits you.
Pikel hits you with a +1 whip of freezing.
Pikel freezes you. You block the lemure's attack.
You take 15 damage, and have 27/55 hp.
MASSIVE DAMAGE!!
Spoiler Alert: Pikel can hit for high damage in melee!
You hit Pikel.
Pikel is lightly wounded.
You completely miss the lemure. You closely miss the lemure.
The lemure hits you but does no damage. You block the lemure's attack.
You block Pikel's attack.
You slash Pikel!
Pikel is moderately wounded.
You closely miss the lemure. You hit the lemure.
The lemure hits you but does no damage. The lemure hits you!
Pikel hits you but does no damage.
You take 7 damage, and have 21/55 hp.
Spoiler Alert: Pikel can hit for high damage in melee!
You closely miss Pikel.
Pikel is moderately wounded.
You hit the lemure. You hit the lemure but do no damage.
The lemure hits you but does no damage. x2
Pikel waves his whip at you. Pikel hits you but does no damage.
The lemure hits you but does no damage. The lemure hits you.
Pikel hits you with a +1 whip of freezing.
Pikel freezes you.
You take 3 damage, and have 18/55 hp.
Spoiler Alert: Pikel can hit for high damage in melee!
You slash Pikel!
Pikel is severely wounded.
You slash the lemure!
You kill the lemure!
That felt strangely unrewarding.
You barely miss the lemure. The lemure hits you. You block Pikel's attack.
Spoiler Alert: Pikel can hit for high damage in melee!
You closely miss Pikel.
Pikel is severely wounded.
You completely miss the lemure. The lemure hits you.
* * * LOW HITPOINT WARNING * * *
Pikel barely misses you. The lemure hits you but does no damage.
Pikel hits you with a +1 whip of freezing.
* * * LOW HITPOINT WARNING * * *
Pikel freezes you.
* * * LOW HITPOINT WARNING * * *
You take 9 damage, and have 9/55 hp.
Spoiler Alert: Pikel can hit for high damage in melee!
You closely miss Pikel. You tail-slap Pikel.
Pikel is almost dead.
You slash the lemure!
You kill the lemure!
That felt strangely unrewarding.
Pikel barely misses you.
You hit Pikel.
Pikel is almost dead.
Pikel hits you with a +1 whip of freezing!
* * * LOW HITPOINT WARNING * * *
Pikel freezes you.
You die...

+.........+....'.....
#.........#....#.....
#.........#....#.....
#.........#...##.....
#.........#...#######
#####'#####....#
#........#.....#
#........#.....+
#...@....+.....#
####K######.####
.h5.####.####...
.........<.......
..................
...................
###+##..####.##..###
#..# #.# ..# # ...
...


You could see Pikel, a lemure and a hound.

Vanquished Creatures
  A phantom (D:3)
  3 lemures (D:4)
  Blork the orc (D:3)
  Natasha (thrice) (D:2)
  Terence (D:2)
  2 adders (D:2)
  4 gnolls
  3 worms
  2 dart slugs
  3 orcs (D:4)
  3 endoplasms
  2 giant cockroaches
  10 goblins
  6 hobgoblins
  3 quokkas
  6 ball pythons
  4 bats
  2 frilled lizards (D:2)
  4 kobolds
  6 rats
69 creatures vanquished.

Notes
Turn   | Place    | Note
-------+----------+-------------------------------------------
     0 | D:1      | Mgcat the Armataur Fighter began the quest for the Orb.
     0 | D:1      | Reached XP level 1. HP: 19/19 MP: 1/1
   224 | D:1      | Reached XP level 2. HP: 21/26 MP: 2/2
   298 | D:1      | Reached skill level 2 in Axes
   812 | D:2      | Reached skill level 3 in Fighting
   812 | D:2      | Reached XP level 3. HP: 33/33 MP: 3/3
   893 | D:2      | Reached skill level 4 in Armour
  1209 | D:2      | Noticed Natasha
  1211 | D:2      | Noticed Terence
  1229 | D:2      | Killed Natasha
  1230 | D:2      | Reached XP level 4. HP: 40/40 MP: 4/4
  1266 | D:2      | Identified the +1 leather armour of Enavok {Harm +Inv rF+
                  | rCorr}
  1346 | D:2      | Noticed Natasha
  1356 | D:2      | Killed Natasha
  1374 | D:2      | Killed Terence
  1375 | D:2      | Reached skill level 3 in Axes
  1375 | D:2      | Reached skill level 4 in Shields
  1454 | D:2      | Noticed Natasha
  1457 | D:2      | Reached XP level 5. HP: 33/48 MP: 5/5
  1462 | D:2      | Killed Natasha
  2537 | D:4      | Noticed a phantom
  2567 | D:3      | Killed a phantom
  2568 | D:3      | Reached XP level 6. HP: 45/55 MP: 6/6
  2605 | D:4      | Noticed Duvessa
  2605 | D:4      | Noticed Dowan
  2638 | D:4      | Noticed Blork the orc
  2649 | D:3      | Killed Blork the orc
  2650 | D:3      | Reached skill level 5 in Armour
  2761 | D:4      | Noticed Pikel
  2774 | D:4      | HP: 11/55 [Pikel/+1 whip of freezing (3)]
  2776 | D:4      | HP: 3/55 [Pikel/+1 whip of freezing (7)]
  2776 | D:4      | Slain by Pikel

Illustrated notes

Levels and vault maps discovered:
D:1:      lemuel_arrival_cross, layout_loops_ring, minmay_misc_feat_hallway
D:2:      layout_rooms, uniq_natasha, uniq_terence
D:3:      layout_basic, moated_statue, palyth_stone_intersect,
          nicolae_hexahallways, minmay_misc_feat_encased
D:4:      kennysheep_the_goblin_king, layout_gridville, minmay_statues_item,
          uniq_pikel, uniq_blork_the_orc, uniq_duvessa

Skill      XL: |  1  2  3  4  5  6 |
---------------+-------------------+-----
Axes           | 2 3 |  3.8
Fighting       | 3 |  3.8
Armour         | 4 5 |  5.0
Shields        | 4 |  4.5

Action                     |  1- 3 |  4- 6 || total
---------------------------+-------+-------++-------
  Melee: War axe           |    99 |   110 ||   209
         Tailslap          |    10 |    19 ||    29
  Evoke: Wand              |       |     2 ||     2
    Use: Potion            |       |     1 ||     1
 Armour: Scale mail        |    65 |    73 ||   138
  Dodge: Dodged            |    29 |    24 ||    53
  Block: Buckler           |    21 |    20 ||    41

Table legend: (Time is in decaauts)
 A = Elapsed time spent in this place.
 B = Non-inter-level travel time spent in this place.
 C = Inter-level travel time spent in this place.
 D = Time resting spent in this place.
 E = Time spent auto-exploring this place.
 F = Levels seen in this place.
 G = Mean time per level.
                   A        B        C        D        E       F      G
               +--------+--------+--------+--------+--------+-----+--------+
         Total |   2861 |   2724 |    137 |    143 |   1987 |   4 |  715.2 |
       Dungeon |   2861 |   2724 |    137 |    143 |   1987 |   4 |  715.2 |
               +--------+--------+--------+--------+--------+-----+--------+

Top non-repeatable levels by time:
     D:3: 1061 daAuts
     D:2: 889 daAuts
     D:1: 748 daAuts
     D:4: 162 daAuts

Table legend:
 A = Kills in this place as a percentage of kills in entire the game.
 B = Kills by you in this place as a percentage of kills by you in the entire game.
 C = Kills by friends in this place as a percentage of kills by friends in the entire game.
 D = Other kills in this place as a percentage of other kills in the entire game.
 E = Experience gained in this place as a percentage of experience gained in the entire game.
 F = Experience gained in this place divided by the number of levels of this place that you have seen.
                   A       B       C       D       E      F
               +-------+-------+-------+-------+-------+----------------------
         Total | 100.0 | 100.0 |   N/A |   N/A | 100.0 | 134.5
       Dungeon | 100.0 | 100.0 |   N/A |   N/A | 100.0 | 134.5
               +-------+-------+-------+-------+-------+----------------------
